 Dungeon Crawl Stone Soup version 0.22.1-2-g9c5b331383 (webtiles) character file.

345 Gargoyl the Skirmisher (level 6, 0/78 HPs)
             Began as a Centaur Abyssal Knight on Dec 16, 2018.
             Was a Believer of Lugonu.
             Slain by a wyvern (9 damage)
             ... on level 7 of the Dungeon.
             The game lasted 00:05:49 (3818 turns).

Gargoyl the Skirmisher (Centaur Abyssal Knight)     Turns: 3818, Time: 00:05:49

Health: 0/78       AC: 23    Str: 15    XL:     6   Next: 32%
Magic:  8/8        EV:  1    Int: 14    God:    Lugonu [**....]
Gold:   241        SH:  0    Dex: 10    Spells: 5/5 levels left

rFire    . . .     SeeInvis .   a - +2 hand axe
rCold    . . .     Gourm    .   (no shield)
rNeg     + + +     Faith    .   (armour currently unavailable)
rPois    +         Spirit   .   (helmet currently unavailable)
rElec    .         Reflect  .   (cloak currently unavailable)
rCorr    .         Harm     .   (gloves currently unavailable)
MR       .....     NoTele   +   (no barding)
Stlth    +.........             d - amulet of the acrobat
HPRegen  0.23/turn              g - +3 ring of intelligence
MPRegen  0.11/turn              (no ring)

@: tree-form
A: large
a: Depart the Abyss, Bend Space, Renounce Religion


You were on level 7 of the Dungeon.
You worshipped Lugonu.
Lugonu was pleased with you.
You were hungry.
You were a tree.
You visited 1 branch of the dungeon, and saw 6 of its levels.
You visited the Abyss 1 time.

You collected 241 gold pieces.

Inventory:

Hand Weapons
 a - a +2 hand axe (weapon)
 t - a +0 war axe
Armour
 l - a +2 helmet (melded)
 n - a +0 chain mail (melded)
Jewellery
 d - an amulet of the acrobat (around neck)
 g - a +3 ring of intelligence (left branch)
 r - an uncursed ring of protection from fire {unknown}
Wands
 q - a wand of iceblast (1)
 u - a wand of paralysis (9)
Scrolls
 h - 5 scrolls of identify
 j - 2 scrolls of remove curse
 m - a scroll of magic mapping
 p - a scroll of enchant armour
Potions
 b - 3 potions of ambrosia
 e - 3 potions of curing
 i - a potion of haste {unknown}
 k - a potion of degeneration {unknown}
 s - a potion of agility {unknown}
Comestibles
 c - 9 rations


   Skills:
 + Level 3.9 Fighting
 + Level 3.6 Axes
 * Level 3.0 Armour
 + Level 1.0 Dodging
 * Level 3.3 Invocations
 + Level 0.2 Evocations


You had 5 spell levels left.
You didn't know any spells.
Your spell library was empty.

Dungeon Overview and Level Annotations

Branches:
Dungeon (7/15)
 Temple: D:4-7

Altars:
Okawaru


Innate Abilities, Weirdness & Mutations

((You have hooves in place of feet.))
((Armour fits poorly on your strangely shaped body.))
((You cover ground very quickly.))
((You have extremely tough skin. (AC +3)))


Message History

The wyvern bites you but does no damage. x2
You closely miss the wyvern.
The wyvern bites you but does no damage.
You hit the wyvern.
The wyvern is lightly wounded.
The wyvern bites you but does no damage. x2
You hit the wyvern but do no damage.
The wyvern is lightly wounded.
The wyvern bites you but does no damage.
The wyvern bites you!
* * * LOW HITPOINT WARNING * * *
You barely miss the wyvern.
The wyvern is lightly wounded.
The wyvern bites you but does no damage.
You closely miss the wyvern.
The wyvern is lightly wounded.
The wyvern bites you!
* * * LOW HITPOINT WARNING * * *
The wyvern bites you!
You die...

### ..# #.# #.#
#.# #♣# #l#
#######.###.##.
...............
####.##<##.###.
# #.# .. #..
... #### #.


You could see a wyvern.

Vanquished Creatures
  Grinder (D:4)
  A centaur skeleton (D:4)
  2 gnolls
  3 adders
  5 worms
  2 dart slugs (D:2)
  3 leopard geckos
  A ball python (D:4)
  3 giant cockroaches
  3 hobgoblins
  8 bats
  4 frilled lizards
  7 goblins
  10 kobolds
  4 rats
57 creatures vanquished.

Notes
Turn   | Place    | Note
-------+----------+-------------------------------------------
     0 | Abyss:1  | Gargoyl the Centaur Abyssal Knight began the quest for the
                  | Orb.
     0 | Abyss:1  | Reached XP level 1. HP: 19/19 MP: 2/2
    38 | Abyss:1  | Noticed a ynoxinul
    40 | D:1      | Escaped the Abyss
   295 | D:1      | Reached XP level 2. HP: 17/26 MP: 3/3
   545 | D:1      | Reached * piety under Lugonu
   575 | D:1      | Found an iron altar of Okawaru.
   959 | D:2      | Reached XP level 3. HP: 22/31 MP: 4/4
  2327 | D:3      | Reached XP level 4. HP: 38/40 MP: 5/5
  3203 | D:4      | Reached ** piety under Lugonu
  3464 | D:4      | Noticed Grinder
  3472 | D:4      | Paralysed by Grinder for 5 turns
  3484 | D:4      | Paralysed by Grinder for 2 turns
  3489 | D:4      | Killed Grinder
  3489 | D:4      | Reached skill level 1 in Dodging
  3489 | D:4      | Reached XP level 5. HP: 46/46 MP: 5/7
  3490 | D:4      | Reached XP level 6. HP: 52/52 MP: 5/8
  3783 | D:4      | You fall through a shaft for 3 floors!
  3788 | D:6      | Noticed a wyvern
  3818 | D:7      | Slain by a wyvern

Skill      XL: |  1  2  3  4 |
---------------+-------------+-----
Axes           | 2 3 |  3.6
Armour         | 2 3 |  3.0
Dodging        | 1 |  1.0
Invocations    | 3 |  3.3
Fighting       | |  3.9
Evocations     | |  0.2

Action                   |  1- 3 |  4- 6 || total
-------------------------+-------+-------++-------
Melee: Hand axe          |   143 |    76 ||   219
       Kick              |    15 |    11 ||    26
Invok: Depart the Abyss  |     1 |       ||     1
Evoke: Wand              |       |     6 ||     6
  Use: Scroll            |     9 |     3 ||    12
       Potion            |       |     1 ||     1
  Eat: Chunk             |     2 |     4 ||     6
Armor: Leather armour    |    10 |       ||    10
       Chain mail        |    79 |    45 ||   124
       Skin              |       |    17 ||    17
Dodge: Dodged            |   104 |    31 ||   135
